 Dungeon Crawl Stone Soup version 0.18-a0-1202-g796ae12 (webtiles) character file.

44 Psiweapon the Chucker (level 3, 0/36 HPs)
             Began as an Ogre Hunter on Jan 31, 2016.
             Succumbed to an adder's poison
             ... on level 2 of the Dungeon.
             The game lasted 00:03:01 (1241 turns).

Psiweapon the Chucker (Ogre Hunter)                 Turns: 1241, Time: 00:03:01

Health: 0/36       AC:  3    Str: 18    XL:     3   Next: 62%
Magic:  3/3        EV: 10    Int: 10    God:
Gold:   70         SH:  0    Dex: 10    Spells: 0 memorised, 2 levels left

rFire  . . .     SeeInvis .     a - +0 mace
rCold  . . .     Gourm    .     b - +0 robe
rNeg   . . .     Faith    .     (no shield)
rPois  .         Spirit   .     (helmet restricted)
rElec  .         Dismiss  .     (no cloak)
rCorr  .         Reflect  .     (gloves unavailable)
SustAt .         Harm     .     (boots unavailable)
MR     .....                    (no amulet)
Stlth  +.........               (no ring)
                                (no ring)

@: lethally poisoned (0 -> -8), not resistant to hostile enchantments, very
unstealthy
A: unfitting armour, tough skin 1
a: no special abilities


You were on level 2 of the Dungeon.
You were not hungry.

You visited 1 branch of the dungeon, and saw 2 of its levels.

You collected 70 gold pieces.

Inventory:

Hand Weapons
 a - a +0 mace (weapon)
 k - a +0 short sword
Missiles
 c - 3 large rocks (quivered)
 d - 2 throwing nets
 g - 22 stones
Armour
 b - a +0 robe (worn)
Scrolls
 e - a scroll of remove curse {unknown}
 j - a scroll of identify {unknown}
 l - a scroll of amnesia {unknown}
 o - a scroll of blinking {unknown}
Comestibles
 f - a bread ration
 h - 5 chunks of flesh
 i - a meat ration
 m - a beef jerky
 n - a slice of pizza


   Skills:
 - Level 2.6 Fighting
 + Level 2.1 Maces & Flails
 - Level 4.0 Throwing
 + Level 2.5 Dodging
 + Level 1.7 Stealth


You had 2 spell levels left.
You didn't know any spells.

Dungeon Overview and Level Annotations

Branches:
Dungeon (2/15)

Altars:
Dithmenos
Elyvilon
Kikubaaqudgha


Innate Abilities, Weirdness & Mutations

You are too large for most types of armour.
You have tough skin (AC +1).


Message History

Throwing (i - inventory. (,) - cycle):
c - 4 large rocks (quivered)
Press: ? - help, Shift-Dir - straight line, f/p - adder
Aim: an adder (black smoke, severely wounded)
You throw a large rock. The large rock hits the adder!!
You kill the adder!
* * * LOW HITPOINT WARNING * * *
You feel sick.
Throwing (i - inventory. (,) - cycle):
c - 3 large rocks (quivered)
Press: ? - help, Shift-Dir - straight line, f - you
Okay, then.
Drink which item? (? for menu, Esc to quit)
It was a potion of cancellation.
You feel magically purged.
* * * LOW HITPOINT WARNING * * *
You feel sick.
There is a lethal amount of poison in your body!
* * * LOW HITPOINT WARNING * * *
You feel sick.
* * * LOW HITPOINT WARNING * * *
You feel sick.
You die...

.# #### #########.#
#..#####.........#
########................#
#...........#.#.........#
..#########.#§#§§.......#
### ##§§§#........#
§#§#.#.####### §§§§§§@.#
#.#§#(#..# #.§§#...#
..#§# ...# ###. .#### # #


There were no monsters in sight!

Vanquished Creatures
  2 adders (D:2)
  An ooze (D:1)
  A giant gecko (D:1)
  A goblin (D:1)
  A hobgoblin (D:2)
  6 kobolds (D:1)
  A ball python (D:2)
  5 bats
  2 giant newts (D:1)
  3 rats
23 creatures vanquished.

Notes
Turn   | Place    | Note
--------------------------------------------------------------
     0 | D:1      | Psiweapon the Ogre Hunter began the quest for the Orb.
     0 | D:1      | Reached XP level 1. HP: 22/22 MP: 1/1
   214 | D:1      | Reached skill level 1 in Stealth
   338 | D:1      | Reached XP level 2. HP: 27/29 MP: 2/2
   429 | D:1      | Reached skill level 1 in Maces & Flails
  1011 | D:2      | Reached XP level 3. HP: 28/36 MP: 3/3
  1170 | D:2      | Found a white marble altar of Elyvilon.
  1186 | D:2      | Found an ancient bone altar of Kikubaaqudgha.
  1211 | D:2      | Found a shadowy altar of Dithmenos.
  1240 | D:2      | HP: 1/36 [poisoned by an adder]
  1241 | D:2      | Succumbed to an adder's poison

Vault maps used:
D:1:      saegor_arrival_simple_c
D:2:      elyvilon_altar_5, lemuel_blue_sif_altar, lemuel_round_altar,
          grunt_dithmenos_smoke_and_mirrors, grunt_ashenzari_visionary

Action                   || total
-------------------------++-------
Melee: Short sword       ||    10
       Mace              ||    58
Throw: Stone             ||     3
       Large rock        ||     8
  Use: Potion            ||     1
 Stab: Sleeping          ||     2
  Eat: Chunk             ||     1
